 Dungeon Crawl Stone Soup version 0.21-a0-331-gfb491b4 (webtiles) character file.

108 tidbits the Charmwright (level 4, -1/38 HPs)
             Began as a Gnoll Skald on Oct 2, 2017.
             Was an Initiate of Ashenzari.
             Slain by a gnoll
             ... wielding a +0 club
              (5 damage)
             ... on level 4 of the Dungeon.
             The game lasted 00:03:01 (475 turns).

tidbits the Charmwright (Gnoll Skald)                Turns: 475, Time: 00:03:01

Health: -1/38      AC:  4    Str: 18    XL:     4   Next: 87%
Magic:  0/11       EV: 14    Int: 16    God:    Ashenzari [......]
Gold:   63         SH:  0    Dex: 15    Spells: 2/13 levels left

rFire    . . .     SeeInvis .   a - +0 hand axe
rCold    . . .     Gourm    .   (no shield)
rNeg     . . .     Faith    .   b - +0 leather armour
rPois    .         Spirit   .   (no helmet)
rElec    .         Reflect  .   (no cloak)
rCorr    .         Harm     .   G - +0 pair of gloves
MR       .....                  (no boots)
Stlth    +.........             (no amulet)
HPRegen  0.12/turn              (no ring)
MPRegen  0.12/turn              (no ring)

@: mighty, infused, glowing
A: distributed training, fangs 1, strong nose
a: Curse Item, Renounce Religion


You were on level 4 of the Dungeon.
You worshipped Ashenzari.
Ashenzari was noncommittal.
You were not hungry.

You visited 1 branch of the dungeon, and saw 4 of its levels.

You collected 63 gold pieces.

Inventory:

Hand Weapons
 a - a +0 hand axe (weapon)
Missiles
 g - 40 arrows
Armour
 b - a +0 leather armour (worn)
 G - a +0 pair of gloves (worn)
Scrolls
 e - 4 scrolls of remove curse
 f - a scroll of fog
 j - a scroll of teleportation {unknown}
 k - a scroll of immolation {unknown}
 l - a scroll of recharging {unknown}
Potions
 h - a potion of resistance
Books
 c - a book of Battle

   Spells                             Type                      Level
   a - Infusion                       Charms                       1
   b - Shroud of Golubria             Charms/Translocation         2
   c - Song of Slaying                Charms                       2
   d - Spectral Weapon                Hexes/Charms                 3
   e - Regeneration                   Charms/Necromancy            3
Comestibles
 d - 3 bread rations
 n - 6 chunks of flesh


   Skills:
 + Level 4.7 Fighting
 + Level 1.2 Short Blades
 + Level 1.2 Long Blades
 + Level 4.7 Axes
 + Level 1.2 Maces & Flails
 + Level 1.2 Polearms
 + Level 1.2 Staves
 + Level 1.2 Slings
 + Level 1.2 Bows
 + Level 1.2 Crossbows
 + Level 1.2 Throwing
 + Level 2.8 Armour
 + Level 4.7 Dodging
 + Level 1.2 Stealth
   Level 0.0 Stabbing
 + Level 1.2 Shields
   Level 0.0 Traps
 + Level 1.2 Unarmed Combat
 + Level 5.1 Spellcasting
 + Level 1.2 Conjurations
 + Level 1.2 Hexes
 + Level 6.6 Charms
 + Level 1.2 Summonings
 + Level 1.2 Necromancy
 + Level 1.2 Translocations
 + Level 1.2 Transmutations
 + Level 1.2 Fire Magic
 + Level 1.2 Ice Magic
 + Level 1.2 Air Magic
 + Level 1.2 Earth Magic
 + Level 1.2 Poison Magic
 + Level 1.2 Invocations
 + Level 1.2 Evocations


You had 2 spell levels left.
You knew the following spells:

 Your Spells              Type           Power        Failure   Level  Hunger
g - Shroud of Golubria    Chrm/Tloc      ###.......   5%          2    #......
i - Infusion              Chrm           ####         1%          1    None
r - Regeneration          Chrm/Necr      ###.......   11%         3    ###....
s - Song of Slaying       Chrm           ####....     1%          2    #......
w - Spectral Weapon       Hex/Chrm       ###.....     11%         3    ###....


Dungeon Overview and Level Annotations

Branches:
Dungeon (4/15)
 Temple: D:4-7

Altars:
Ashenzari
Elyvilon


Innate Abilities, Weirdness & Mutations

Your experience applies equally to all skills.
You have very sharp teeth.
Your uncanny sense of smell can sniff out nearby items.


Message History

The adder is severely wounded.
You hit the ball python.
You kill the ball python!
You hit the adder.
You kill the adder!
You now have 63 gold pieces (gained 6).
g - 40 arrows (gained 20)
A gnoll comes into view. It is wielding a flail.
The gnoll shouts!
You hear a shout!
A gnoll shaman comes into view. It is wielding a whip.
Casting: Infusion
Confirm with . or Enter, or press ? or * to list all spells.
You extend your infusion's duration.
A gnoll comes into view. It is wielding a spear.
A gnoll comes into view. It is wielding a club.
The gnoll shouts!
A gnoll comes into view.
The gnoll barely misses you.
The gnoll shouts!
You hit the gnoll.
The gnoll is moderately wounded.
The gnoll shaman calls upon its god to speed up the gnoll.
The gnoll seems to speed up.
The gnoll hits you with a flail!
You closely miss the gnoll.
The gnoll is moderately wounded.
You hit the gnoll shaman.
The gnoll shaman is lightly wounded.
You closely miss the gnoll shaman.
The gnoll shaman is lightly wounded.
The gnoll shaman barely misses you.
You hit the gnoll shaman.
The gnoll shaman is lightly wounded.
The gnoll shaman calls upon its god to heal the gnoll.
The gnoll's wounds heal themselves!
You hit the gnoll shaman.
The gnoll shaman is moderately wounded.
The gnoll shaman mumbles some strange prayers to its god against you.
You are outlined in light.
You closely miss the gnoll shaman.
The gnoll shaman is moderately wounded.
The gnoll shaman closely misses you.
You hit the gnoll shaman.
The gnoll shaman is heavily wounded.
The gnoll shaman hits you with a whip.
You hit the gnoll shaman.
The gnoll shaman is heavily wounded.
The gnoll shaman barely misses you. The gnoll shaman misses you.
You closely miss the gnoll shaman.
The gnoll shaman is heavily wounded.
The gnoll shaman barely misses you.
You hit the gnoll shaman.
The gnoll shaman is almost dead.
The gnoll shaman calls upon its god to speed up the gnoll.
The gnoll seems to speed up.
You hit the gnoll shaman but do no damage.
The gnoll shaman is almost dead.
The gnoll shaman mumbles some strange prayers to its god.
The gnoll shaman is healed somewhat.
You hit the gnoll shaman but do no damage.
The gnoll shaman is severely wounded.
The gnoll shaman hits you with a whip!
* * * LOW HITPOINT WARNING * * *
You barely miss the gnoll shaman.
You bite the gnoll shaman, but do no damage.
The gnoll shaman is severely wounded.
The gnoll shaman misses you.
You hit the gnoll shaman.
The gnoll shaman is almost dead.
The gnoll shaman hits you but does no damage.
You closely miss the gnoll shaman.
The gnoll shaman is almost dead.
The gnoll shaman hits you but does no damage.
You closely miss the gnoll shaman.
The gnoll shaman is almost dead.
The gnoll shaman hits you with a whip.
* * * LOW HITPOINT WARNING * * *
You barely miss the gnoll shaman.
The gnoll shaman is almost dead.
The gnoll shaman hits you with a whip.
* * * LOW HITPOINT WARNING * * *
You hit the gnoll shaman.
You kill the gnoll shaman!
You feel very mighty all of a sudden. The gnoll misses you.
The gnoll closely misses you.
You hit the gnoll.
The gnoll is moderately wounded.
The gnoll barely misses you.
You completely miss the gnoll.
The gnoll is moderately wounded.
The gnoll closely misses you.
You slash the gnoll!
You kill the gnoll!
The gnoll barely misses you.
You hit the gnoll.
The gnoll is moderately wounded.
The gnoll barely misses you.
You slash the gnoll!
The gnoll is almost dead.
The gnoll hits you with a club.
You die...

#. #.. #... #. #.#
#.. #.###.# #..
#..)..# #..
####.....# #g#
#.......## #g#
#........#
#g#######.........
#@##..............
#.##.#.#.#.#.#.#..
#.##..............
#......⌠.....⌠....
#.#......._.......
#.##...⌠.....⌠...#
#.##.............#
#.##.#.#.#.#.#.#.#
#.##.............#


You could see 3 gnolls.

Vanquished Creatures
  A gnoll shaman (D:4)
  An orc wizard (D:3)
  A gnoll (D:4)
  An adder (D:4)
  2 worms (D:2)
  A dart slug (D:2)
  A leopard gecko (D:1)
  4 orcs
  A ball python (D:4)
  2 goblins (D:1)
  A quokka (D:2)
  2 frilled lizards
  4 rats
22 creatures vanquished.

Notes
Turn   | Place    | Note
-------+----------+-------------------------------------------
     0 | D:1      | tidbits the Gnoll Skald began the quest for the Orb.
     0 | D:1      | Reached XP level 1. HP: 20/20 MP: 6/6
    99 | D:2      | Reached XP level 2. HP: 26/26 MP: 7/7
   195 | D:2      | Found a shattered altar of Ashenzari.
   202 | D:2      | Became a worshipper of Ashenzari the Shackled
   240 | D:2      | Learned a level 2 spell: Song of Slaying
   306 | D:3      | Reached skill level 5 in Spellcasting
   306 | D:3      | Reached XP level 3. HP: 20/31 MP: 2/9
   323 | D:3      | Learned a level 2 spell: Shroud of Golubria
   326 | D:3      | Reached skill level 1 in Short Blades
   326 | D:3      | Reached skill level 1 in Long Blades
   326 | D:3      | Reached skill level 1 in Maces & Flails
   326 | D:3      | Reached skill level 1 in Polearms
   326 | D:3      | Reached skill level 1 in Staves
   326 | D:3      | Reached skill level 1 in Slings
   326 | D:3      | Reached skill level 1 in Bows
   326 | D:3      | Reached skill level 1 in Crossbows
   326 | D:3      | Reached skill level 1 in Throwing
   326 | D:3      | Reached skill level 1 in Stealth
   326 | D:3      | Reached skill level 1 in Shields
   326 | D:3      | Reached skill level 1 in Unarmed Combat
   326 | D:3      | Reached skill level 1 in Conjurations
   326 | D:3      | Reached skill level 1 in Hexes
   326 | D:3      | Reached skill level 1 in Summonings
   326 | D:3      | Reached skill level 1 in Necromancy
   326 | D:3      | Reached skill level 1 in Translocations
   326 | D:3      | Reached skill level 1 in Transmutations
   326 | D:3      | Reached skill level 1 in Fire Magic
   326 | D:3      | Reached skill level 1 in Ice Magic
   326 | D:3      | Reached skill level 1 in Air Magic
   326 | D:3      | Reached skill level 1 in Earth Magic
   326 | D:3      | Reached skill level 1 in Poison Magic
   326 | D:3      | Reached skill level 1 in Invocations
   326 | D:3      | Reached skill level 1 in Evocations
   354 | D:4      | Reached XP level 4. HP: 13/38 MP: 0/11
   402 | D:4      | Learned a level 3 spell: Regeneration
   406 | D:4      | Learned a level 3 spell: Spectral Weapon
   415 | D:4      | Found a white marble altar of Elyvilon.
   468 | D:4      | HP: 3/38 [gnoll shaman/whip (3)]
   475 | D:4      | Slain by a gnoll

Vault maps used:
D:1:      ldierk_walled_garden
D:2:      lemuel_doored_altar, lemuel_round_altar
D:3:      feat_on_display
D:4:      first_bread, hangedman_decor_opposing, elyvilon_altar_5, uniq_sigmund

Skill      XL: |  1  2  3 |
---------------+----------+-----
Spellcasting   | 5 |  5.1
Short Blades   | 1 |  1.2
Long Blades    | 1 |  1.2
Maces & Flails | 1 |  1.2
Polearms       | 1 |  1.2
Staves         | 1 |  1.2
Slings         | 1 |  1.2
Bows           | 1 |  1.2
Crossbows      | 1 |  1.2
Throwing       | 1 |  1.2
Stealth        | 1 |  1.2
Shields        | 1 |  1.2
Unarmed Combat | 1 |  1.2
Conjurations   | 1 |  1.2
Hexes          | 1 |  1.2
Summonings     | 1 |  1.2
Necromancy     | 1 |  1.2
Translocations | 1 |  1.2
Transmutations | 1 |  1.2
Fire Magic     | 1 |  1.2
Ice Magic      | 1 |  1.2
Air Magic      | 1 |  1.2
Earth Magic    | 1 |  1.2
Poison Magic   | 1 |  1.2
Invocations    | 1 |  1.2
Evocations     | 1 |  1.2
Fighting       | |  4.7
Axes           | |  4.7
Armour         | |  2.8
Dodging        | |  4.7
Charms         | |  6.6

Action                   |  1- 3 |  4- 6 || total
-------------------------+-------+-------++-------
Melee: Hand axe          |    43 |    29 ||    72
       Bite              |     3 |     1 ||     4
 Cast: Infusion          |     4 |     2 ||     6
       Regeneration      |       |     1 ||     1
  Use: Scroll            |       |     3 ||     3
       Potion            |       |     1 ||     1
 Stab: Sleeping          |     2 |       ||     2
Armor: Leather armour    |     6 |     2 ||     8
Dodge: Dodged            |    23 |    18 ||    41

Table legend:
 A = Spawn XP
 B = Non-spawn XP
 C = Spawn XP percentage of total XP
 D = Spawn monster count
 E = Non-spawn monster count
 F = Spawn count percentage of total count
 G = Total turns spent on level
                    A         B        C        D         E        F      G
               +---------+---------+-------+---------+---------+-------+---------
         Total |       0 |     155 |   0.0 |       0 |      22 |   0.0 |   475
               +---------+---------+-------+---------+---------+-------+---------
           D:1 |       0 |       9 |   0.0 |       0 |       5 |   0.0 |    77
           D:2 |       0 |      18 |   0.0 |       0 |       6 |   0.0 |   200
           D:3 |       0 |      53 |   0.0 |       0 |       6 |   0.0 |    73
           D:4 |       0 |      75 |   0.0 |       0 |       5 |   0.0 |   125
               +---------+---------+-------+---------+---------+-------+---------

Table legend:
 A = Turns spent in this place as a percentage of turns spent in the entire game.
 B = Non-inter-level travel turns spent in this place as a percentage of non-inter-level travel turns spent in the entire game.
 C = Inter-level travel turns spent in this place as a percentage of turns spent in this place.
 D = Turns resting spent in this place as a percentage of non-inter-level travel turns spent in this place.
 E = Turns spent auto-exploring this place as a percentage of non-inter-level travel turns spent in this place.
 F = Non-inter-level travel turns spent in this place divided by the number of levels of this place that you've seen.
                   A       B       C       D       E      F
               +-------+-------+-------+-------+-------+----------------------
         Total | 100.0 | 100.0 |   0.0 |   0.0 |   0.0 | 118.8
       Dungeon | 100.0 | 100.0 |   0.0 |   0.0 |   0.0 | 118.8
               +-------+-------+-------+-------+-------+----------------------

Table legend:
 A = Kills in this place as a percentage of kills in entire the game.
 B = Kills by you in this place as a percentage of kills by you in the entire game.
 C = Kills by friends in this place as a percentage of kills by friends in the entire game.
 D = Other kills in this place as a percentage of other kills in the entire game.
 E = Experience gained in this place as a percentage of experience gained in the entire game.
 F = Experience gained in this place divided by the number of levels of this place that you have seen.
                   A       B       C       D       E      F
               +-------+-------+-------+-------+-------+----------------------
         Total | 100.0 | 100.0 |   N/A |   N/A | 100.0 |  38.8
       Dungeon | 100.0 | 100.0 |   N/A |   N/A | 100.0 |  38.8
               +-------+-------+-------+-------+-------+----------------------

Vault maps used:
D:1:      ldierk_walled_garden
D:2:      lemuel_doored_altar, lemuel_round_altar
D:3:      feat_on_display
D:4:      first_bread, hangedman_decor_opposing, elyvilon_altar_5, uniq_sigmund
